 Dungeon Crawl Stone Soup version 0.32-a0-859-gb0a091d592 (webtiles) character file.

Game seed: 13499587296714873257

17508 holysushi the Nimble (level 12, -4/77 HPs)
             Began as an Octopode Air Elementalist on Mar 27, 2024.
             Was an Initiate of Gozag.
             Constricted to death by an anaconda skeleton (5 damage)
             ... in a volcano.
             The game lasted 00:44:40 (18381 turns).

holysushi the Nimble (Octopode Air Elementalist)   Turns: 18381, Time: 00:44:41

Health: -4/77      AC:  1    Str:  8    XL:     12   Next: 48%
Magic:  17/21      EV: 13    Int: 31    God:    Gozag
Gold:   238        SH:  0    Dex: 25    Spells: 7/23 levels left

rFire   + . .        a - staff "Zabol" {rF+ Int+4 Dex+2 Fire}
rCold   . . .        (no shield)
rNeg    . . .        (helmet restricted)
rPois   .            f - amulet "Aqygo" {rElec Will++ RegenMP+ Int-2 Stlth+}
rElec   +            i - +6 ring of intelligence
rCorr   .            j - +6 ring of dexterity
SInv    .            d - ring of wizardry
Will    ++...        D - +6 ring of intelligence
Stlth   ++++++       (no ring)
HPRegen 0.32/turn    (no ring)
MPRegen 0.57/turn    (no ring)
                     (no ring)

%: wizardry (x1)
@: constricted
A: almost no armour, amphibious, 8 rings, camouflage 1, gelatinous body 1,
(nimble swimmer 1), tentacles
a: Renounce Religion, Potion Petition, Call Merchant, Bribe Branch


You were in a volcano.
You worshipped Gozag.
Gozag was aware of your devotion.
You visited 2 branches of the dungeon, and saw 11 of its levels.
You also visited: Bailey and Volcano.

You collected 3073 gold pieces.
You spent 1225 gold pieces at shops.
You paid 1610 gold pieces to Gozag.

Inventory:

Hand Weapons
 b - a +1 short sword of draining
 G - a +1 dagger of venom
Missiles
 n - 2 throwing nets
Magical Staves
 a - the staff "Zabol" (weapon) {rF+ Int+4 Dex+2 Fire}
   (You found it on level 10 of the Dungeon)

   [staff of fire]

   Base accuracy: +5 Base damage: 5 Base attack delay: 1.2 This weapon's minimum
   attack delay (0.6) is reached at skill level 12.
   Int+4:     It affects your intelligence (+4).
   Dex+2:     It affects your dexterity (+2).
   rF+:       It protects you from fire.
   Fire:      It increases the power of your Fire spells.
   It falls into the 'Staves' category.
   It is a one-tentacled weapon.
Jewellery
 d - a ring of wizardry (on tentacle)
 f - the amulet "Aqygo" (around mantle) {rElec Will++ RegenMP+ Int-2 Stlth+}
   (You bought it in a shop on level 4 of the Dungeon)

   [amulet of magic regeneration]

   It increases your rate of magic regeneration.
   Int-2:     It affects your intelligence (-2).
   rElec:     It insulates you from electricity.
   Will++:    It greatly increases your willpower.
   Stlth+:    It makes you more stealthy.
   RegenMP+:  It increases your rate of magic regeneration.
 i - a +6 ring of intelligence (left tentacle)
 j - a +6 ring of dexterity (right tentacle)
 k - an amulet of the acrobat
 D - a +6 ring of intelligence (on tentacle)
 I - a ring of willpower
Wands
 p - a wand of paralysis (7)
 q - a wand of flame (24)
 v - a wand of mindburst (10)
 w - a wand of roots (9)
 E - a wand of quicksilver (2)
Scrolls
 l - 2 scrolls of poison
 m - 3 scrolls of amnesia
 o - a scroll of silence
 r - 2 scrolls of teleportation
 y - 3 scrolls of summoning
 A - 3 scrolls of enchant weapon
 B - a scroll of enchant armour
 C - 2 scrolls of brand weapon
Potions
 c - 3 potions of heal wounds
 e - 3 potions of curing
 g - a potion of lignification
 h - 2 potions of cancellation
 s - 2 potions of might
 t - 2 potions of haste {unknown}
 u - a potion of brilliance {unknown}
 x - 4 potions of mutation
 z - a potion of invisibility {unknown}
 F - a potion of enlightenment {unknown}
 L - 2 potions of magic
Miscellaneous
 K - a box of beasts
 M - a phantom mirror


   Skills:
 - Level 5.0 Fighting
 - Level 2.0 Short Blades
 + Level 11.6 Dodging
 + Level 6.5 Stealth
 + Level 6.1 Spellcasting
 + Level 9.8 Conjurations
 - Level 10.0 Air Magic
 - Level 3.0 Evocations


You had 7 spell levels left.
You knew the following spells:

 Your Spells              Type           Power      Damage    Failure   Level
a - Shock                 Conj/Air       100%       1d9       1%          1
b - Static Discharge      Conj/Air       100%       3-8/arc   1%          2
c - Conjure Ball Lightni  Conj/Air       31%        3x3d10    5%          6
d - Airstrike             Air            32%        2d(5-21)  1%          4
e - Swiftness             Air            64%        N/A       1%          3

Your spell library contained the following spells:

 Spells                   Type           Power      Damage    Failure   Level
 Kiss of Death            Conj/Necr      100%       2d13      1%          1
 Momentum Strike          Conj/Tloc      80%        3d10      1%          2
 Iskenderun's Battlesphe  Conj           63%        2d11      1%          5
 Brom's Barrelling Bould  Conj/Erth      40%        2d6       2%          4
 Blink                    Tloc           18%        N/A       3%          2
 Lesser Beckoning         Tloc           18%        N/A       3%          2
 Confusing Touch          Hex            9%         N/A       6%          3
 Inner Flame              Hex/Fire       14%        N/A       6%          3
 Fireball                 Conj/Fire      28%        3d12      8%          5
 Irradiate                Conj/Alch      20%        3d18      8%          5
 Dispel Undead            Necr           9%         3d8       19%         4
 Orb of Destruction       Conj           31%        9d10      26%         7
 Ignition                 Fire           7%         3d4       100%        8


Dungeon Overview and Level Annotations

Branches:
Dungeon (10/15) Zot: 25095  Temple (0/1) D:4            Lair (1/5) D:9 Zot: 5811
    Orc (0/2) D:10         Bailey (visited)         Volcano (1/1) Zot: 5311

Altars:
Dithmenos
Gozag
Zin

Shops:
D:1 [   D:4 =   D:5 :   D:8 *   D:10 *

Annotations:
D:2 exclusion: downstairs
D:6 Maggie
D:10 6 transporters


Innate Abilities, Weirdness & Mutations

You cannot wear most types of armour.
You are amphibious.
You can wear up to eight rings at the same time.
Your skin changes colour to match your surroundings (Stealth+).
Your rubbery body absorbs attacks. (AC +1, EV +1)
((You are camouflaged when in or above water. (Stealth+)))
You have tentacles for arms and can constrict up to eight enemies at once.


Message History

You create some ball lightning! 3 ball lightnings come into view.
The anaconda skeleton bites you but does no damage.
The anaconda skeleton constricts you. The anaconda skeleton bites you!
* * * LOW HITPOINT WARNING * * *
The anaconda skeleton constricts you.
* * * LOW HITPOINT WARNING * * *
You feel much better.
The air gets thick with the scent of sulphur.
Your ball lightning explodes!
The blast of lightning engulfs your ball lightning.
Your ball lightning completely resists.
The blast of lightning engulfs you! You resist.
The blast of lightning engulfs the anaconda skeleton!
The anaconda skeleton is lightly damaged.
Your ball lightning explodes!
The blast of lightning engulfs the anaconda skeleton!
The anaconda skeleton is moderately damaged.
The blast of lightning engulfs you. You resist.
* * * LOW HITPOINT WARNING * * *
The anaconda skeleton barely misses you.
The anaconda skeleton constricts you.
* * * LOW HITPOINT WARNING * * *
You escape the anaconda skeleton's grasp.
You swap places.
Your ball lightning explodes!
The blast of lightning engulfs you! You resist.
* * * LOW HITPOINT WARNING * * *
The blast of lightning engulfs the anaconda skeleton!!
The anaconda skeleton is severely damaged.
As you read the scroll of summoning, it crumbles to dust.
Wisps of shadow whirl around you... The anaconda skeleton grabs you.
The anaconda skeleton barely misses you.
The anaconda skeleton constricts you.
* * * LOW HITPOINT WARNING * * *
The anaconda skeleton bites you!
* * * LOW HITPOINT WARNING * * *
The anaconda skeleton constricts you.
You die...
Your body crumbles into a pile of gold.

.#### #...## .....### ####
....)..### ...#
.§.......### ##.∩.###
≈§.........##### ##......##
§§≈≈≈..).....#.## ........
≈≈§§≈≈≈§......≈4###.#..#.#
§≈≈≈≈≈≈≈≈≈≈....9@Z$$.....#
≈≈≈≈≈≈≈≈≈.....≈.###9#..#.#
≈§§§§≈≈≈≈≈...#N##..........
≈§≈§≈≈≈≈≈≈≈..######.9....##
≈≈≈§≈≈§§≈≈≈§## ##.##.##
≈≈≈≈§≈§≈≈§§## .# #
§≈§≈§≈≈≈## .# §≈§## .# .#


You could see a gargoyle, an anaconda skeleton (ally target), a friendly
salamander (summoned), a friendly molten gargoyle (summoned) and a friendly red
devil (summoned).

Vanquished Creatures
  A hydra (D:10)
  A boulder beetle (D:9)
  A two-headed ogre (D:10)
  2 skeletal warriors
  3 anaconda skeletons (Volcano)
  2 orc knights (Bailey)
  2 deep elf pyromancers (D:10)
  An ugly thing (D:10)
  A cyclops (D:10)
  Maurice (D:9)
  A manticore (D:10)
  An alligator skeleton (Volcano)
  2 cane toads (Lair:1)
  A gargoyle (Volcano)
  Jeremiah (D:7)
  A freezing wraith (D:10)
  A blink frog (shapeshifter) (D:10)
  Sigmund (D:3)
  6 yaks
  A wyvern (D:9)
  2 steam dragons (D:7)
  A vampire mosquito (D:10)
  4 water moccasins
  2 hell hounds (Lair:1)
  3 ice beasts
  10 orc warriors
  2 laughing skulls (Volcano)
  A sky beast (D:4)
  2 black bears
  An ogre (D:3)
  9 centaurs
  A weeping skull (Volcano)
  6 kobold brigands
  8 bullfrogs
  3 gnoll sergeants
  6 scorpions
  11 wights
  A troll skeleton (Volcano)
  8 killer bees (D:8)
  2 howler monkeys
  3 bombardier beetles (D:6)
  2 orc priests
  5 hounds
  2 jellies (D:6)
  3 gnoll boudas (D:6)
  6 iguanas
  9 orc wizards
  14 gnolls
  15 adders
  A shadow imp (D:6)
  2 white imps (D:6)
  An ufetubus (D:6)
  A dart slug (D:1)
  3 ribbon worms
  35 orcs
  3 endoplasms (D:4)
  2 giant cockroaches
  20 goblins
  2 hobgoblins
  29 kobolds
  2 quokkas (D:4)
  7 ball pythons
  6 bats
  5 frilled lizards
  7 rats
  A spectral kobold (D:1)
300 creatures vanquished.

Vanquished Creatures (others)
  121 ball lightnings
121 creatures vanquished.

Grand Total: 421 creatures vanquished

Notes
Turn   | Place    | Note
-------+----------+-------------------------------------------
     0 | D:1      | holysushi the Octopode Air Elementalist began the quest for
                  | the Orb.
     0 | D:1      | Reached XP level 1. HP: 11/11 MP: 3/3
   143 | D:1      | Found a faded altar of an unknown god.
   150 | D:1      | Prayed at the altar of an unknown god.
   150 | D:1      | Became a worshipper of Gozag Ym Sagoz the Greedy
   251 | D:1      | Found Juschum's Antique Armour Shop.
   299 | D:1      | Reached XP level 2. HP: 17/17 MP: 3/5
   898 | D:1      | Learned a level 2 spell: Static Discharge
   963 | D:1      | Reached XP level 3. HP: 21/21 MP: 4/7
  1247 | D:2      | Learned a level 3 spell: Swiftness
  1746 | D:3      | Noticed an ogre
  1749 | D:3      | Reached XP level 4. HP: 27/27 MP: 7/9
  2503 | D:3      | Killed an ogre
  2504 | D:3      | Reached skill level 5 in Air Magic
  2504 | D:3      | Reached skill level 1 in Fighting
  2504 | D:3      | Reached XP level 5. HP: 33/33 MP: 2/10
  2513 | D:3      | Learned a level 4 spell: Airstrike
  2723 | D:3      | Noticed Sigmund
  2793 | D:3      | Killed Sigmund
  2794 | D:3      | Reached skill level 4 in Dodging
  2794 | D:3      | Reached XP level 6. HP: 39/39 MP: 5/11
  3528 | D:4      | Reached XP level 7. HP: 45/45 MP: 6/12
  3607 | D:4      | Found a staircase to the Ecumenical Temple.
  4173 | D:4      | Reached skill level 1 in Short Blades
  5139 | D:5      | Entered Level 5 of the Dungeon
  5447 | D:5      | Reached skill level 5 in Dodging
  5706 | D:5      | Found Cisch's Vocational Training.
  5747 | D:5      | Reached XP level 8. HP: 50/50 MP: 8/13
  5857 | D:5      | Reached skill level 5 in Stealth
  6670 | D:5      | Found Cisch's Vocational Training.
  7313 | D:6      | Found a shadowy altar of Dithmenos.
  7449 | D:6      | Found a glowing silver altar of Zin.
  8271 | D:6      | Noticed Maggie
  9038 | D:6      | Reached skill level 6 in Dodging
  9463 | D:6      | Reached XP level 9. HP: 54/54 MP: 6/14
  9792 | D:6      | Reached skill level 7 in Dodging
 10410 | D:7      | Reached skill level 1 in Evocations
 10655 | D:4      | Bought the amulet "Aqygo" {rElec Will++ RegenMP+ Int-2
                  | Stlth+} for 735 gold pieces
 10933 | D:7      | Reached skill level 8 in Dodging
 11314 | D:7      | Reached skill level 10 in Air Magic
 11433 | D:7      | Reached XP level 10. HP: 60/60 MP: 7/15
 11671 | D:7      | Noticed Maurice
 11701 | D:7      | Noticed Jeremiah
 11726 | D:7      | Killed Jeremiah
 11727 | D:7      | Reached skill level 9 in Dodging
 11977 | D:7      | Something stole a +1 dagger of venom
 11980 | D:7      | Something stole 3 throwing nets
 11982 | D:7      | Something stole an amulet of the acrobat
 12252 | D:8      | Learned a level 6 spell: Conjure Ball Lightning
 12371 | D:8      | Found a flagged portal.
 12383 | Bailey   | Entered a bailey
 12816 | Bailey   | Noticed an orc knight
 12828 | Bailey   | Killed an orc knight
 12851 | Bailey   | Noticed an orc knight
 12880 | Bailey   | Killed an orc knight
 12962 | Bailey   | Reached skill level 5 in Conjurations
 13151 | D:4      | Bought a +6 ring of intelligence for 468 gold pieces
 13526 | D:8      | Found Deodonoi's Assorted Antiques.
 13819 | D:9      | Noticed a boulder beetle
 14369 | D:9      | Identified the +5 ring mail of the Stag {rPois}
 14541 | D:9      | Killed Maurice
 14542 | D:9      | Reached XP level 11. HP: 64/64 MP: 8/17
 15248 | D:9      | Found a staircase to the Lair.
 15343 | D:9      | Killed a boulder beetle
 15349 | D:9      | Reached skill level 10 in Dodging
 15349 | D:9      | Reached skill level 5 in Spellcasting
 15606 | D:10     | Entered Level 10 of the Dungeon
 15627 | D:10     | Found a transporter.
 15631 | D:10     | Found a transporter.
 15647 | D:10     | Found a staircase to the Orcish Mines.
 15720 | D:10     | Noticed a deep elf pyromancer
 15722 | D:10     | Killed a deep elf pyromancer
 16151 | D:10     | Noticed a skeletal warrior
 16158 | D:10     | Killed a skeletal warrior
 16230 | D:10     | Noticed a five-headed hydra
 16237 | D:10     | Killed a five-headed hydra
 16238 | D:10     | Reached skill level 5 in Fighting
 16254 | D:10     | Noticed a cyclops
 16259 | D:10     | Killed a cyclops
 16353 | D:10     | Noticed a red ugly thing
 16368 | D:10     | Killed a red ugly thing
 16496 | D:10     | Found a transporter.
 16497 | D:10     | Found a transporter.
 16504 | D:10     | Noticed a manticore
 16507 | D:10     | Killed a manticore
 16508 | D:10     | Reached skill level 11 in Dodging
 16531 | D:10     | Identified the +0 shortbow of Quick Death {speed, rElec
                  | rCorr}
 16810 | D:10     | Identified the staff "Zabol" {rF+ Int+4 Dex+2 Fire}
 16861 | D:10     | Noticed a deep elf pyromancer
 16863 | D:10     | Bought a scroll of identify for 22 gold pieces
 16875 | D:10     | Killed a deep elf pyromancer
 16876 | D:10     | Reached XP level 12. HP: 77/77 MP: 4/19
 16899 | D:10     | Noticed a two-headed ogre
 16902 | D:10     | Killed a two-headed ogre
 17139 | D:10     | Found a transporter.
 17145 | D:10     | Found a transporter.
 17504 | Lair:1   | Entered Level 1 of the Lair of Beasts
 17681 | Lair:1   | Found a dark tunnel.
 17693 | Volcano  | Entered a volcano
 18381 | Volcano  | HP: 1/77 [anaconda skeleton (7)]
 18381 | Volcano  | Constricted to death by an anaconda skeleton

Illustrated notes

Levels and vault maps discovered:
D:1:      matt_arrival_refuge, layout_loops_cross,
          dreamdust_ecumenical_altar_drowned_temple, serial_shops,
          nicolae_shop_getting_attention, minmay_tromino_i4
D:2:      layout_rooms, chequers_serial_rivers_marsh
D:3:      layout_loops_cross, minmay_ogre_servants, uniq_sigmund
D:4:      layout_basic, minmay_temple_entry_antechambers
D:5:      layout_loops_ring, hangedman_decor_growths, nicolae_shop_vocational
D:6:      minmay_bubble_buster, layout_loops_ring, jmf_multi_god_temple,
          uniq_maggie
D:7:      layout_loops_ring, uniq_maurice, uniq_jeremiah
D:8:      layout_basic, serial_shops, shop, enter_bailey_3
D:9:      layout_rooms, grunt_lair_entry_orc_guard_hut
D:10:     minmay_the_grid_triangle_9x9_recursive_2
          [minmay_the_grid_triangle_9x9_prize_center,
          minmay_the_grid_triangle_9x9_zippers_vertical,
          minmay_the_grid_triangle_9x9_wacky_v,
          minmay_the_grid_triangle_9x9_warning], layout_long_grid, orc_0_dummy,
          serial_nicolae_subway, nicolae_sub_station_stone,
          nicolae_sub_station_crystal, nicolae_sub_station_metal
Lair:1:   layout_layer_cave, enter_volcano_3
Volcano:  volcano_tomb [vts_chambers]

Skill      XL: |  1  2  3  4  5  6  7  8  9 10 11 12 |
---------------+-------------------------------------+-----
Spellcasting   | 3 4 5 6 |  6.1
Air Magic      | 5 8 10 | 10.0
Fighting       | 1 2 5 |  5.0
Dodging        | 4 5 6 8 9 11 | 11.6
Stealth        | 4 5 6 |  6.5
Short Blades   | 2 |  2.0
Evocations     | 2 3 |  3.0
Conjurations   | 7 9 |  9.8

Action                     |  1- 3 |  4- 6 |  7- 9 | 10-12 || total
---------------------------+-------+-------+-------+-------++-------
  Melee: Unarmed           |     4 |       |       |       ||     4
         Tentacles         |     2 |       |    18 |     8 ||    28
         Short sword       |     7 |     1 |    62 |    19 ||    89
         Constrict         |     2 |       |    15 |     6 ||    23
         Staff             |       |       |       |     2 ||     2
   Cast: Shock             |    51 |    46 |   151 |   113 ||   361
         Swiftness         |       |     1 |     2 |       ||     3
         Airstrike         |       |     2 |    57 |   105 ||   164
         Static Discharge  |       |     2 |    25 |     4 ||    31
         Conjure Ball Ligh |       |       |       |    46 ||    46
 Invoke: Call Merchant     |       |       |     1 |     1 ||     2
  Evoke: Wand              |       |       |       |    10 ||    10
    Use: Scroll            |     2 |     1 |    10 |     7 ||    20
         Potion            |       |     2 |     1 |     1 ||     4
   Stab: Sleeping          |     1 |       |     4 |       ||     5
         Distracted        |       |       |     1 |     1 ||     2
 Armour: Skin              |     9 |     7 |    70 |   105 ||   191
  Dodge: Dodged            |    13 |     4 |   109 |    63 ||   189

Table legend: (Time is in decaauts)
 A = Elapsed time spent in this place.
 B = Non-inter-level travel time spent in this place.
 C = Inter-level travel time spent in this place.
 D = Time resting spent in this place.
 E = Time spent auto-exploring this place.
 F = Levels seen in this place.
 G = Mean time per level.
                   A        B        C        D        E       F      G
               +--------+--------+--------+--------+--------+-----+--------+
         Total |  18392 |  17415 |    977 |   7086 |   6230 |  13 | 1414.8 |
       Dungeon |  16856 |  15895 |    961 |   6329 |   6158 |  10 | 1685.6 |
          Lair |    189 |    173 |     16 |      0 |      0 |   1 |  189.0 |
        Bailey |    658 |    658 |      0 |    376 |      1 |   1 |  658.0 |
       Volcano |    688 |    688 |      0 |    381 |     71 |   1 |  688.0 |
               +--------+--------+--------+--------+--------+-----+--------+

Top non-repeatable levels by time:
     D:6: 3117 daAuts
     D:5: 2581 daAuts
     D:4: 1952 daAuts
    D:10: 1868 daAuts
     D:3: 1666 daAuts
     D:9: 1518 daAuts
     D:7: 1397 daAuts
     D:1: 1131 daAuts
     D:8: 975 daAuts
 Volcano: 688 daAuts
  Bailey: 658 daAuts
     D:2: 648 daAuts
  Lair:1: 189 daAuts
